 Dungeon Crawl Stone Soup version 0.18.1-47-g9310371 (webtiles) character file.

108 MistressOfTheDunes the Insei (level 4, 0/35 HPs)
             Began as a Mummy Monk on June 23, 2016.
             Slain by a giant gecko (2 damage)
             ... on level 2 of the Dungeon.
             The game lasted 00:03:52 (3337 turns).

MistressOfTheDunes the Insei (Mummy Monk)           Turns: 3337, Time: 00:03:52

Health: 0/35       AC:  0    Str: 14    XL:     4   Next: 58%
Magic:  4/4        EV: 13    Int:  9    God:
Gold:   113        SH:  0    Dex: 15    Spells: 0 memorised, 3 levels left

rFire  x . .     SeeInvis .       - Unarmed
rCold  + . .     Gourm    .     (no armour)
rNeg   + + +     Faith    .     (no shield)
rPois  ∞         Spirit   .     (no helmet)
rElec  .         Dismiss  .     (no cloak)
rCorr  .         Reflect  .     (no gloves)
SustAt .         Harm     .     (no boots)
MR     +....                    (no amulet)
Stlth  ++........               (no ring)
                                c - ring of protection from magic

@: somewhat resistant to hostile enchantments, unstealthy
A: no food or potions, fire vulnerability, cold resistance 1, negative energy
resistance 3, torment resistance, unbreathing
a: no special abilities


You were on level 2 of the Dungeon.
You were not hungry.

You visited 1 branch of the dungeon, and saw 3 of its levels.

You collected 113 gold pieces.


Innate Abilities, Weirdness & Mutations

You do not eat or drink.
Your flesh is vulnerable to fire.
You are immune to poison.
Your flesh is cold resistant.
You are immune to negative energy.
You are immune to unholy pain and torment.
You can survive without breathing.


   Skills:
 + Level 3.0 Fighting
 - Level 2.4 Dodging
 - Level 1.5 Stealth
 - Level 5.0 Unarmed Combat


You had 3 spell levels left.
You didn't know any spells.

Inventory:

Missiles
 g - 11 poisoned needles (quivered)
Jewellery
 c - a ring of protection from magic (left hand)
Scrolls
 a - 3 scrolls of remove curse {unknown}
 b - 8 scrolls of identify {unknown}
 d - a scroll of fear {unknown}
 e - 2 scrolls of magic mapping {unknown}
 f - 2 scrolls of teleportation {unknown}
 h - 2 scrolls of amnesia {unknown}

Dungeon Overview and Level Annotations

Branches:
Dungeon (3/15)

Altars:
Nemelex Xobeh
Yredelemnul

▒▒▒▒▒▒▒▒▒ ........▒
........▒▒▒▒
.......(.._▒
........▒▒▒▒
....[...▒ ▒▒▒
▒▒▒▒▒▒▒▒▒▒▒▒.▒▒▒▒▒
▒....'†.......▒▒.▒
▒..▒▒▒........▒▒M▒
▒..▒▒▒▒▒+▒▒▒▒..▒l▒▒
▒...▒▒▒▒.▒▒▒▒..▒g.▒
▒.▒...............▒
..............%.>.▒
..▒..▒............▒
..▒...!..........▒▒
.......▒..%▒▒.▒▒.▒
.........▒.▒▒.▒▒.▒▒▒▒


You could see a giant gecko and a hobgoblin.


Message History

There is a stone staircase leading up here!
The giant gecko bites you! * * * don't die
* * * The hobgoblin hits you with a club! * * * don't die
* * * You climb upwards!
There is a stone staircase leading down here!
Unknown command!
The giant gecko hisses menacingly!
The hobgoblin barely misses you!
The giant gecko bites you! * * * don't die
* * * You closely miss the giant gecko!
The giant gecko is lightly wounded!
The giant gecko bites you! * * * don't die
* * * You miss the giant gecko!
The giant gecko is lightly wounded!
The giant gecko barely misses you!
You closely miss the giant gecko!
The giant gecko is lightly wounded!
The giant gecko misses you!
You barely miss the giant gecko!
The giant gecko is lightly wounded!
The giant gecko closely misses you!
You pulverise the giant gecko but do no damage!
The giant gecko is lightly wounded!
The giant gecko misses you!
You closely miss the giant gecko! The giant gecko bites you! rip

Action                   |  1- 3 |  4- 6 || total
-------------------------+-------+-------++-------
Melee: Unarmed           |   130 |    99 ||   229
       Punch             |     2 |     3 ||     5
 Stab: Sleeping          |     6 |     1 ||     7
       Distracted        |     1 |       ||     1
Dodge: Dodged            |    62 |    80 ||   142

Vault maps used:
D:1:      scummos_arrival_simple_fountains, minivault_27
D:2:      lemuel_zombie_altar_yredelemnul, nemelex_altar_shiori
D:3:      lemuel_coloured_pillars_altar, minmay_close_crescents

Notes
Turn   | Place    | Note
--------------------------------------------------------------
     0 | D:1      | MistressOfTheDunes the Mummy Monk began the quest for the Orb.
     0 | D:1      | Reached XP level 1. HP: 18/18 MP: 1/1
    53 | D:1      | Reached XP level 2. HP: 6/24 MP: 2/2
   684 | D:1      | Reached skill level 4 in Unarmed Combat
   944 | D:1      | Reached XP level 3. HP: 23/29 MP: 3/3
  2186 | D:1      | Reached XP level 4. HP: 30/35 MP: 4/4
  2396 | D:2      | Found a basalt altar of Yredelemnul.
  2517 | D:2      | Found a sparkling altar of Nemelex Xobeh.
  3264 | D:3      | Reached skill level 5 in Unarmed Combat
  3330 | D:2      | HP: 2/35 [giant gecko (3)]
  3337 | D:2      | Slain by a giant gecko

Vanquished Creatures
  2 adders
  2 oozes
  2 worms
  3 dart slugs (D:1)
  4 orcs (D:3)
  4 giant cockroaches
  12 goblins
  4 hobgoblins
  7 jackals
  3 quokkas
  6 bats
  2 giant newts
  2 gnoll zombies (D:2)
  4 kobolds
  7 rats
64 creatures vanquished.
